 Dungeon Crawl Stone Soup version 0.13-a0-1606-g53bcbbc (webtiles) character file.

2880 Jafose the Spear-Bearer (level 9, -5/79 HPs)
             Began as a Minotaur Fighter on June 14, 2013.
             Was a Plaything of Xom.
             Slain by a wight
             ... wielding a +3,+1 scimitar
              (9 damage)
             ... on Level 8 of the Dungeon.
             The game lasted 00:31:53 (6901 turns).

Jafose the Spear-Bearer (Minotaur Fighter)          Turns: 6901, Time: 00:31:53

HP  -5/79        AC 12     Str 24      XL: 9   Next: 41%
MP   3/3         EV  9     Int  5      God: Xom
Gold 125         SH  0     Dex 10      Spells:  0 memorised,  8 levels left

Res.Fire  : . . .   See Invis. : .   F - +2,+0 halberd (freeze)
Res.Cold  : . . .   Warding    : .   b - +0 scale mail
Life Prot.: . . .   Conserve   : .   (no shield)
Res.Poison: .       Res.Corr.  : .   (helmet restricted)
Res.Elec. : .       Clarity    : .   p - +2 dwarf cloak
Sust.Abil.: . .     Spirit.Shd : .   (no gloves)
Res.Mut.  : .       Stasis     : .   (no boots)
Res.Rott. : .       Flight     : .   u - amulet of the gourmand
Gourmand  : +                        C - ring of protection from magic
                                     j - ring of sustenance

@: quite resistant to hostile enchantments, extremely unstealthy
A: retaliatory headbutt, horns 2, wild magic 1, AC +1
a: Renounce Religion


You were on level 8 of the Dungeon.
You worshipped Xom.
You were a special plaything of Xom.
You were not hungry.

You visited 2 branches of the dungeon, and saw 9 of its levels.

You collected 275 gold pieces.
You spent 170 gold pieces at shops.

Inventory:

Hand weapons
 a - a +0,+0 trident
 h - a +1,+1 glaive of chopping
 F - a +2,+0 halberd of freezing (weapon)
Missiles
 y - a stone (quivered)
Armour
 b - a +0 scale mail (worn)
 c - a +0 shield
 p - a +2 dwarven cloak (worn)
Magical devices
 f - a wand of random effects (9)
 w - a wand of magic darts (0)
 G - a wand of disintegration (24)
Comestibles
 d - 6 bread rations
 i - 19 cheeses
 m - a beef jerky
 q - 2 meat rations
 x - a slice of pizza
 A - 2 apples
Scrolls
 e - a scroll of enchant weapon I {unknown}
 s - 6 scrolls of teleportation
 B - 5 scrolls of remove curse
 D - a scroll of fear
 E - a scroll of enchant armour {unknown}
 I - 2 scrolls of identify
Jewellery
 j - a ring of sustenance (left hand)
 u - an amulet of the gourmand (around neck)
 z - an uncursed ring of life protection
 C - a ring of protection from magic (right hand)
 K - the amulet of Psem {Faith Dex+2 Stlth-}
   (You took it off a centaur on level 7 of the Dungeon)

   [amulet of faith]

   It affects your dexterity (+2).
   It makes you much less stealthy.
Potions
 g - 4 potions of agility
 k - a potion of restore abilities {unknown}
 l - a potion of mutation {unknown}
 n - a potion of beneficial mutation {unknown}
 o - 2 potions of invisibility {unknown}
 r - a potion of cure mutation {unknown}
 t - 2 potions of poison {unknown}
 v - 3 potions of curing


   Skills:
 + Level 7.2 Fighting
   Level 0.0 Short Blades
   Level 0.0 Long Blades
   Level 0.0 Axes
   Level 0.0 Maces & Flails
 + Level 8.5 Polearms
   Level 0.0 Staves
   Level 0.0 Slings
   Level 0.0 Bows
   Level 0.0 Crossbows
 + Level 0.0 Throwing
 + Level 7.8 Armour
 + Level 6.0 Dodging
   Level 0.0 Stabbing
   Level 6.3 Shields
 + Level 2.2 Traps
   Level 0.0 Conjurations
   Level 0.0 Hexes
   Level 0.0 Charms
   Level 0.0 Summonings
   Level 0.0 Necromancy
   Level 0.0 Translocations
   Level 0.0 Transmutations
   Level 0.0 Fire Magic
   Level 0.0 Ice Magic
   Level 0.0 Air Magic
   Level 0.0 Earth Magic
   Level 0.0 Poison Magic
   Level 0.0 Invocations


You had 8 spell levels left.
You didn't know any spells.

Dungeon Overview and Level Annotations

Branches:
Dungeon (8/27)             Temple (1/1) D:5
    Orc: D:6-11        Lair: D:8-13

Altars:
Ashenzari
Cheibriados
Elyvilon
Fedhas
Kikubaaqudgha
Makhleb
Nemelex Xobeh
Okawaru
Sif Muna
Vehumet
Xom
Yredelemnul
Zin

Shops:
D:5: [ D:6: (


Innate Abilities, Weirdness & Mutations

You reflexively headbutt those who attack you in melee.
You have a pair of horns on your head.
You are partially covered in rugged brown scales (AC +1, +3% HP).
Your spells are a little harder to cast, but a little more powerful.


Message History

* * * LOW HITPOINT WARNING * * *
The wight hits you but does no damage.
You puncture the wight!
You destroy the wight!
The wight hits you with a glowing scimitar.
* * * LOW HITPOINT WARNING * * *
You feel drained.
* * * LOW HITPOINT WARNING * * *
The wight throws an orcish club.
The orcish club misses you.
Attack whom?
Press: ? - help, Dir - move target cursor, f - wight
Aim: a wight, wielding a glowing scimitar and wearing a robe You reach to attack!
You barely miss the wight. "This might be better!"
The wight seems to speed up.
You are now a special plaything of Xom.
The wight hits you with a glowing scimitar.
* * * LOW HITPOINT WARNING * * *
The wight hits you with a glowing scimitar!
You die...

#)(...# # #.....###
# ###)....# ####
##....# #... ##...#
##... #....# ##....
###...## ##....#
####.z...# ##....##
##.#.@...##
###....## #.......##
#.....## ###.....###
##.....#
#........###
#.(..###
##....#...).###...##
#.....##....##....#
#...#####...^....##
#..... ##......##
#.....# ##....##


You could see a wight.

Vanquished Creatures
  4 yaks (D:7)
  Eustachio (D:5)
  A hungry ghost (D:7)
  A spatial vortex (D:5)
  4 ogres
  An ice beast (D:7)
  3 sky beasts
  Duvessa (D:5)
  A centaur (D:7)
  Blork the orc (D:6)
  A giant frog skeleton (D:3)
  A centaur skeleton (D:7)
  4 wights (D:8)
  3 crimson imps (D:5)
  Dowan (D:5)
  2 quasits
  An iron imp (D:6)
  Crazy Yiuf (D:2)
  An orange rat (D:7)
  4 hounds
  An iguana (D:4)
  A scorpion (D:6)
  5 orc priests
  7 worker ants
  4 orc wizards
  A worker ant zombie (D:5)
  6 adders
  3 green rats (D:7)
  A giant mite (D:5)
  An inept feature mimic (D:7)
  A worm (D:7)
  An ufetubus (D:7)
  4 grey rats (D:7)
  5 giant geckos
  20 orcs
  5 giant cockroaches
  10 goblins
  14 hobgoblins
  6 jackals
  11 kobolds
  A quokka (D:3)
  A ball python (D:7)
  14 bats
  5 giant newts
  14 rats
  8 ballistomycetes (D:7)
187 creatures vanquished.

Vanquished Creatures (collateral kills)
  An adder (D:5)
1 creature vanquished.

Vanquished Creatures (others)
  An ogre (D:4)
  A goblin (D:3)
  A giant spore (D:7)
3 creatures vanquished.

Grand Total: 191 creatures vanquished

Notes
Turn   | Place    | Note
--------------------------------------------------------------
     0 | D:1      | Jafose, the Minotaur Fighter, began the quest for the Orb.
     0 | D:1      | Reached XP level 1. HP: 19/19 MP: 0/0
    38 | D:1      | Found a shimmering altar of Xom.
    51 | D:1      | Became a worshipper of Xom of Enforced Whimsey
   106 | D:1      | Reached XP level 2. HP: 24/26 MP: 0/0
   157 | D:1      | XOM: harmless Erth miscast
   236 | D:1      | Reached skill level 4 in Fighting
   687 | D:1      | XOM: divination: detect creatures
   783 | D:2      | XOM: confuse monster(s)
   787 | D:2      | Reached XP level 3. HP: 33/33 MP: 1/1
  1263 | D:2      | Noticed Crazy Yiuf
  1267 | D:2      | XOM: cast spell 'Spider Form'
  1289 | D:2      | Killed Crazy Yiuf
  1289 | D:2      | Reached skill level 1 in Dodging
  1289 | D:2      | Reached XP level 4. HP: 30/40 MP: 1/1
  1828 | D:3      | Reached XP level 5. HP: 46/46 MP: 1/1
  1888 | D:3      | Reached skill level 1 in Traps
  1945 | D:3      | XOM: polymorph orc -> goblin
  2012 | D:3      | XOM is BORED!
  2012 | D:3      | XOM: severe Trmt miscast
  2444 | D:3      | Reached skill level 5 in Armour
  2613 | D:4      | Reached XP level 6. HP: 53/53 MP: 2/2
  2632 | D:4      | Found a sparkling altar of Nemelex Xobeh.
  2670 | D:4      | Noticed an ogre
  2673 | D:4      | XOM: inner flame monster(s)
  2687 | D:4      | Killed an ogre
  2687 | D:4      | Reached skill level 5 in Shields
  2687 | D:4      | XOM: divine lightning (protected)
  2807 | D:4      | XOM: give mutations
  2807 | D:4      | Gained mutation: Your spells are a little harder to cast, but a little more powerful. [Xom's grace]
  2807 | D:4      | Gained mutation: You are partially covered in rugged brown scales (AC +1, +3% HP). [Xom's grace]
  2946 | D:4      | XOM: 1-stop teleportation journey
  3006 | D:4      | XOM: 1-stop teleportation journey
  3009 | D:4      | XOM: cast spell 'Necromutation'
  3294 | D:5      | Entered Level 5 of the Dungeon
  3331 | D:5      | Reached XP level 7. HP: 61/61 MP: 2/2
  3582 | D:5      | XOM: enchant monster (good)
  3583 | D:5      | Reached skill level 5 in Fighting
  3599 | D:5      | Reached skill level 5 in Polearms
  3743 | D:5      | Found Thrucuev's Armour Boutique.
  3744 | D:5      | XOM: vitrification
  3794 | D:5      | Noticed Eustachio
  3794 | D:5      | XOM: confuse monster(s)
  3812 | D:5      | XOM: silly message
  3817 | D:5      | Killed Eustachio
  3829 | D:5      | Found a staircase to the Ecumenical Temple.
  3839 | Temple   | Entered the Ecumenical Temple
  4049 | D:5      | Reached skill level 6 in Shields
  4157 | D:5      | Noticed Duvessa
  4159 | D:5      | Noticed Dowan
  4170 | D:5      | Killed Duvessa
  4170 | D:5      | Reached XP level 8. HP: 70/70 MP: 2/2
  4178 | D:5      | XOM: blink monster(s)
  4181 | D:5      | Killed Dowan
  4359 | D:5      | XOM: mild Tloc miscast
  4395 | D:5      | XOM: 5-stop teleportation journey
  4411 | D:5      | Found a snail-covered altar of Cheibriados.
  4624 | D:5      | XOM: summons 2 hostile shadow creatures
  4687 | D:6      | Found Viufi's Antique Weapon Emporium.
  4689 | D:6      | Noticed Grinder
  4692 | D:6      | Noticed Grinder
  4692 | D:6      | Grinder changed into Grinder the iron imp
  4692 | D:6      | XOM: polymorph Grinder -> Grinder the iron imp
  4698 | D:6      | Killed Grinder the iron imp
  4702 | D:6      | Bought a glowing glaive for 170 gold pieces
  4715 | D:6      | XOM: divination: detect items
  4789 | D:6      | XOM: divination: detect items
  4834 | D:6      | XOM: potion effect (curing)
  5043 | D:6      | XOM: silly message
  5047 | D:6      | Noticed Blork the orc
  5054 | D:6      | Killed Blork the orc
  5312 | D:6      | XOM: enchant monster (good)
  5573 | D:6      | XOM: scenery: create altars
  5631 | D:7      | Reached skill level 7 in Polearms
  5631 | D:7      | Reached skill level 5 in Dodging
  5644 | D:7      | Reached XP level 9. HP: 35/76 MP: 3/3
  5713 | D:7      | XOM: 1-stop teleportation journey
  5715 | D:7      | XOM: harmless Summ miscast
  5766 | D:7      | XOM: divination: magic mapping
  5783 | D:7      | XOM: colour smoke trail
  5888 | D:7      | XOM: mild Summ miscast
  5915 | D:7      | XOM: confuse monster(s)
  6165 | D:7      | Got a glittering tin amulet
  6172 | D:7      | Identified the amulet of Psem {Faith Dex+2 Stlth-} (You took it off a centaur on level 7 of the Dungeon)
  6491 | D:7      | XOM is BORED!
  6491 | D:7      | XOM: noise
  6497 | D:7      | XOM: harmless Fire miscast
  6499 | D:7      | Reached skill level 8 in Polearms
  6898 | D:8      | XOM: enchant monster (bad)
  6898 | D:8      | HP: 3/79 [wight/glowing scimitar (3)]
  6901 | D:8      | Slain by a wight

Action                   |  1- 3 |  4- 6 |  7- 9 || total
-------------------------+-------+-------+-------++-------
Melee: Trident           |   109 |   132 |   149 ||   390
       Unarmed           |     8 |     9 |       ||    17
       Halberd           |       |       |   214 ||   214
       Glaive            |       |       |    10 ||    10
  Use: Scroll            |     7 |     4 |    13 ||    24
 Stab: Confused          |       |       |     3 ||     3
       Paralysed         |       |       |     2 ||     2
